 Dungeon Crawl Stone Soup version 0.31.0-12-g77e489cdc1 (webtiles) character file.

Game seed: 1145228268027822012

86 Killerpretzel the Changeling (level 4, -7/29 HPs)
             Began as an Octopode Shapeshifter on Mar 6, 2024.
             Was an Initiate of Vehumet.
             Mangled by a sleepcap (20 damage)
             ... on level 5 of the Dungeon.
             The game lasted 00:02:26 (1677 turns).

Killerpretzel the Changeling (OpSh)                 Turns: 1677, Time: 00:02:26

Health: -7/29      AC:  1    Str: 13    XL:     4   Next: 50%
Magic:  4/4        EV:  2    Int: 12    God:    Vehumet [......]
Gold:   181        SH:  0    Dex: 13    Spells: 3/3 levels left

rFire   . .          .
                       - Unarmed
rCold   . . .        (no shield)
rNeg    . . .        (helmet currently unavailable)
rPois   .            (no amulet)
rElec   .            (no ring)
rCorr   .            (no ring)
SInv    .            (no ring)
Will    .....        (no ring)
Stlth   ++           (no ring)
HPRegen 0.24/turn    (no ring)
MPRegen 0.09/turn    (no ring)
                     (no ring)

%: no passive effects
@: beast-form, sleeping
A: beast (slay +2), almost no armour, amphibious, 8 rings, camouflage 1,
gelatinous body 1, (nimble swimmer 1), tentacles
a: Begin Untransformation, Renounce Religion


You were on level 5 of the Dungeon.
You worshipped Vehumet.
Vehumet was noncommittal.
You were a hulking beast.
You visited 1 branch of the dungeon, and saw 4 of its levels.

You collected 181 gold pieces.

Inventory:

Talismans
 b - a beast talisman
 c - a flux talisman
 f - a storm talisman
 j - a blade talisman
Scrolls
 h - a scroll of poison {unknown}
Potions
 a - a potion of lignification
 d - 2 potions of haste {unknown}
 e - 2 potions of curing
 g - 2 potions of heal wounds {unknown}
 i - a potion of invisibility {unknown}
 k - a potion of mutation {unknown}


   Skills:
 + Level 1.9 Fighting
 + Level 2.7 Dodging
 + Level 3.5 Unarmed Combat
 * Level 3.8 Shapeshifting


You had 3 spell levels left.
You didn't know any spells.
Your spell library contained the following spells:

 Spells                   Type           Power      Damage    Failure   Level
 Summon Ice Beast         Ice/Summ       0%         N/A       69%         3
 Summon Mana Viper        Hex/Summ       0%         N/A       100%        5
 Monstrous Menagerie      Summ           0%         N/A       100%        7


Dungeon Overview and Level Annotations

Branches:
Dungeon (3/15)

Altars:
Elyvilon
Okawaru
Vehumet


Innate Abilities, Weirdness & Mutations

You are a hulking beast.
Your limbs bulge with bestial killing power. (Slay +2)
You cannot wear most types of armour.
You are amphibious.
You can wear up to eight rings at the same time.
Your skin changes colour to match your surroundings (Stealth+).
Your rubbery body absorbs attacks. (AC +1, EV +1)
((You are camouflaged when in or above water. (Stealth+)))
You have tentacles for arms and can constrict up to eight enemies at once.


Message History

No target in view!
No target in view!
No target in view!
No target in view!
No target in view!
No target in view!
No target in view!
No target in view!
A sleepcap comes into view.
You tentacle-slap the sleepcap but do no damage.
You grab the sleepcap.
You constrict the sleepcap, but do no damage.
The sleepcap releases spores at you.
You tentacle-slap the sleepcap.
The sleepcap is lightly damaged.
You constrict the sleepcap. The sleepcap releases spores at you.
You bludgeon the sleepcap!
The sleepcap is heavily damaged.
You constrict the sleepcap, but do no damage.
The sleepcap releases spores at you!
You tentacle-slap the sleepcap.
The sleepcap is severely damaged.
You constrict the sleepcap. The sleepcap releases spores at you.
You tentacle-slap the sleepcap but do no damage.
You squeeze the sleepcap, but do no damage.
The sleepcap is severely damaged.
You constrict the sleepcap, but do no damage.
The sleepcap misses you.
You tentacle-slap the sleepcap but do no damage.
The sleepcap is severely damaged.
You constrict the sleepcap, but do no damage.
The sleepcap barely misses you.
You tentacle-slap the sleepcap.
The sleepcap is severely damaged.
You constrict the sleepcap. The sleepcap releases spores at you.
You are engulfed in a cloud of soporific spores!
You fall asleep.
You lose your grip on the sleepcap.
The sleepcap releases spores at you!!
Ouch! That really hurt!
You die...

#.♣..# #.♣..#
#....###.(.
#........#
........#.######
#######.#.#
#.#.# #.#.#
#..h# #.f.#
#._.# #....#
#..!.. #..#..
#..#.. ...#.##


You could see a sleepcap.

Vanquished Creatures
  2 adders
  A shadow imp (D:5)
  A ribbon worm (D:2)
  2 dart slugs
  7 endoplasms
  3 goblins
  3 hobgoblins
  2 jackals (D:3)
  8 kobolds
  3 quokkas
  6 ball pythons
  7 bats
  3 frilled lizards
  2 rats
50 creatures vanquished.

Notes
Turn   | Place    | Note
-------+----------+-------------------------------------------
     0 | D:1      | Killerpretzel the Octopode Shapeshifter began the quest for
                  | the Orb.
     0 | D:1      | Reached XP level 1. HP: 13/13 MP: 1/1
   169 | D:1      | Reached XP level 2. HP: 13/18 MP: 2/2
   584 | D:2      | Reached XP level 3. HP: 23/23 MP: 3/3
  1281 | D:3      | Reached XP level 4. HP: 29/29 MP: 4/4
  1442 | D:3      | Found a radiant altar of Vehumet.
  1443 | D:3      | Found a white marble altar of Elyvilon.
  1446 | D:3      | Became a worshipper of Vehumet
  1612 | D:3      | You fall into a shaft and drop 2 floors!
  1612 | D:5      | Entered Level 5 of the Dungeon
  1612 | D:5      | Found an iron altar of Okawaru.
  1677 | D:5      | Mangled by a sleepcap

Illustrated notes

Levels and vault maps discovered:
D:1:      scummos_arrival_checkerplants, layout_rooms, minmay_misc_feat_ornament
D:2:      layout_basic
D:3:      layout_basic, mainiacjoe_overflow_divided_tiny
D:5:      kennysheep_windowed_halls, layout_rooms, mainiacjoe_overflow_boulevard

Action                     |  1- 3 |  4- 6 || total
---------------------------+-------+-------++-------
  Melee: Unarmed           |    60 |    32 ||    92
         Constrict         |    17 |     8 ||    25
         Tentacles         |    10 |     6 ||    16
         Punch             |     1 |     1 ||     2
    Use: Scroll            |     1 |       ||     1
   Stab: Sleeping          |     8 |     2 ||    10
 Armour: Skin              |    20 |    12 ||    32
  Dodge: Dodged            |    47 |    14 ||    61
